 Dungeon Crawl Stone Soup version 0.28.0 (webtiles) character file.

Game seed: 14880377997374390855

1703 Ayyar the Skirmisher (level 8, -3/73 HPs)
             Began as a Minotaur Fighter on Apr 6, 2022.
             Slain by a yak (13 damage)
             ... on level 5 of the Dungeon.
             The game lasted 00:11:04 (4710 turns).

Ayyar the Skirmisher (Minotaur Fighter)             Turns: 4710, Time: 00:11:04

Health: -3/73      AC:  9    Str: 22    XL:     8   Next: 73%
Magic:  7/7        EV:  9    Int:  5    God:
Gold:   205        SH:  5    Dex: 11    Spells: 7/7 levels left

rFire   . . .      SeeInvis .   a - +0 flail
rCold   . . .      Faith    .   c - +0 buckler
rNeg    . . .      Spirit   .   b - +0 scale mail
rPois   .          Reflect  .   (helmet restricted)
rElec   .          Harm     .   (no cloak)
rCorr   .          Rampage  .   (no gloves)
Will    +....                   k - +0 pair of boots
Stlth   ..........              (no amulet)
HPRegen 0.22/turn               q - ring of willpower
MPRegen 0.10/turn               (no ring)

@: mighty
A: horns 2, retaliatory headbutt
a: no special abilities


You were on level 5 of the Dungeon.
You visited 1 branch of the dungeon, and saw 5 of its levels.
You also visited: Sewer.

You collected 205 gold pieces.

Inventory:

Hand Weapons
 a - a +0 flail (weapon)
 t - the +7 hunting sling "Lirudwa" {venom, Fly rC+ rN++ Will-}
   (You found it on level 4 of the Dungeon)

   Any ammunition fired from it poisons the flesh of those it strikes.
   rC:        It protects you from cold.
   rN:        It greatly protects you from negative energy.
   Fly:       It grants you flight.
   Will:      It decreases your willpower.
Armour
 b - a +0 scale mail (worn)
 c - a +0 buckler (worn)
 k - a +0 pair of boots (worn)
Jewellery
 q - a ring of willpower (left hand)
 y - a ring of fire
Scrolls
 f - 3 scrolls of identify {unknown}
 h - a scroll of fog {unknown}
 i - a scroll of enchant weapon {unknown}
 j - a scroll of fear {unknown}
 l - 2 scrolls of holy word {unknown}
 m - a scroll of silence {unknown}
 n - 3 scrolls of brand weapon {unknown}
 p - a scroll of noise {unknown}
 r - a scroll of vulnerability {unknown}
 v - a scroll of enchant armour {unknown}
 w - a scroll of teleportation {unknown}
Potions
 e - 2 potions of heal wounds
 g - 2 potions of ambrosia {unknown}
 o - a potion of mutation {unknown}
 s - a potion of haste {unknown}
 u - a potion of cancellation {unknown}
 x - a potion of berserk rage {unknown}
 z - a potion of resistance


   Skills:
 + Level 7.6 Fighting
 + Level 7.1 Maces & Flails
 + Level 7.6 Armour
 + Level 7.6 Shields


You had 7 spell levels left.
You didn't know any spells.
Your spell library contained the following spells:

 Spells                   Type           Power      Damage    Failure   Level
 Blink                    Tloc           0%         N/A       93%         2
 Conjure Flame            Conj/Fire      0%         6-21      99%         3
 Ignite Poison            Fire/Tmut/Pois 0%         N/A       99%         3
 Lesser Beckoning         Tloc           0%         N/A       99%         3
 Petrify                  Tmut/Erth      0%         N/A       100%        4
 Sticky Flame             Conj/Fire      0%         2d3       100%        4
 Manifold Assault         Tloc           0%         N/A       100%        5
 Metabolic Englaciation   Hex/Ice        0%         N/A       100%        5
 Statue Form              Tmut/Erth      0%         N/A       100%        6


Dungeon Overview and Level Annotations

Branches:
Dungeon (5/15)              Sewer (visited)
 Temple: D:4-7

Altars:

Shops:
D:1 *


Innate Abilities, Weirdness & Mutations

You have a pair of horns on your head.
You reflexively headbutt those who attack you in melee.


Message History

You thump the yak!
You kill the yak!
The yak barely misses you. You furiously retaliate!
You headbutt the yak.
Your Armour skill increases to level 7!
You sock the yak!
The yak is moderately wounded.
The yak gores you!
* * * LOW HITPOINT WARNING * * *
You hit the yak.
The yak is heavily wounded.
The yak closely misses you.
It was a potion of heal wounds.
You feel much better. The yak gores you!
You thump the yak!
The yak is severely wounded.
The yak gores you but does no damage.
You barely miss the yak. You headbutt the yak!
The yak is almost dead.
The yak gores you!
You sock the yak!
You kill the yak!
You sock the yak!
The yak is moderately wounded.
The yak misses you. You furiously retaliate!
You headbutt the yak. You sock the yak! You headbutt the yak.
You kill the yak!
Your Maces & Flails skill increases to level 7!
You bludgeon the scorpion zombie!!
You destroy the scorpion zombie!
You barely miss the yak. You headbutt the yak!!
The yak is heavily wounded.
The yak gores you!
* * * LOW HITPOINT WARNING * * *
You sock the yak! Your headbutt misses the yak.
The yak is severely wounded.
The yak gores you!
* * * LOW HITPOINT WARNING * * *
You thump the yak!
The yak is almost dead.
The yak gores you!
You die...

## # #.. .# #.# ..##.#### #.#
......... ... .....#.# ...
≈≈....#### # #.# ≈≈≈......# .#
#.# .≈≈...##.##.# #.#
≈≈≈....#.#.# ##@# ≈≈....#...#
.##Y## ##### # .....##...#
..##..###.#.### .#
......÷.#.#.#.###.#.#...#.#.###
###...#<....#.#.#..Z..Y.....#.#.
######[##.......##.....##.....
###### #......#...............#
...#.###.#....#....#.###.#....#
##............#...............#.#


You could see a yak.

Vanquished Creatures
  5 yaks (D:5)
  Eustachio (D:4)
  A black bear (D:3)
  An ice beast (D:5)
  A phantom (D:4)
  A scorpion (D:5)
  A centaur zombie (D:5)
  2 hounds (D:4)
  An orc priest (D:3)
  Natasha (thrice) (D:2)
  2 iguanas
  An orc wizard (D:3)
  A scorpion zombie (D:5)
  A hell rat (Sewer)
  A howler monkey zombie (D:5)
  7 adders
  2 river rats (Sewer)
  3 worms
  3 dart slugs
  10 orcs
  4 bats
  3 endoplasms
  6 giant cockroaches
  7 goblins
  10 hobgoblins
  4 jackals (D:4)
  6 quokkas
  5 ball pythons
  4 frilled lizards (D:1)
  9 kobolds
  12 rats
118 creatures vanquished.

Notes
Turn   | Place    | Note
-------+----------+-------------------------------------------
     0 | D:1      | Ayyar the Minotaur Fighter began the quest for the Orb.
     0 | D:1      | Reached XP level 1. HP: 19/19 MP: 0/0
   217 | D:1      | Found Waurcheyh's General Store.
   368 | D:1      | Reached XP level 2. HP: 26/27 MP: 1/1
   786 | D:2      | Reached XP level 3. HP: 20/33 MP: 2/2
  1090 | D:2      | Found a faded altar of an unknown god.
  1186 | D:2      | Noticed Natasha
  1190 | D:2      | Killed Natasha
  1191 | D:2      | Reached XP level 4. HP: 29/41 MP: 3/3
  1220 | D:2      | Noticed Natasha
  1226 | D:2      | Killed Natasha
  1548 | D:2      | Noticed Natasha
  1558 | D:2      | Killed Natasha
  1559 | D:2      | Reached XP level 5. HP: 42/47 MP: 4/4
  2137 | D:3      | Reached skill level 5 in Fighting
  2159 | D:3      | Noticed a black bear
  2246 | D:3      | Killed a black bear
  2247 | D:3      | Reached skill level 5 in Armour
  2247 | D:3      | Reached skill level 5 in Shields
  2247 | D:3      | Reached XP level 6. HP: 18/56 MP: 5/5
  3757 | D:4      | Identified the +7 hunting sling "Lirudwa" {venom, Fly rC+
                  | rN++ Will-}
  3943 | D:4      | Noticed Eustachio
  3959 | D:4      | Killed Eustachio
  3960 | D:4      | Reached skill level 5 in Maces & Flails
  3960 | D:4      | Reached XP level 7. HP: 46/62 MP: 6/6
  4271 | D:5      | Entered Level 5 of the Dungeon
  4271 | D:5      | Found a glowing drain.
  4422 | Sewer    | Entered a sewer
  4642 | D:5      | Noticed a yak
  4642 | D:5      | Noticed a yak
  4643 | D:5      | Noticed a yak
  4647 | D:5      | Noticed a yak
  4649 | D:5      | Noticed a yak
  4662 | D:5      | Noticed a yak
  4689 | D:5      | Killed a yak
  4690 | D:5      | Reached XP level 8. HP: 52/71 MP: 7/7
  4710 | D:5      | Slain by a yak

Illustrated notes

Levels and vault maps discovered:
D:1:      kennysheep_arrival_forest, layout_rooms, serial_shops,
          nicolae_shop_hallway_plus, minmay_misc_feat_iff, minmay_lizard_pond
D:2:      layout_loops_ring, shapermc_ecumenical_altar_totnotflames,
          minmay_liquid_box, hangedman_decor_growths, uniq_natasha
D:3:      layout_basic, minmay_misc_feat_enclosed
D:4:      layout_basic, uniq_eustachio
D:5:      nicolae_cairo_tiling_large_dashed, layout_loops_ring,
          portal_sewer_entry_a

Skill      XL: |  1  2  3  4  5  6  7  8 |
---------------+-------------------------+-----
Fighting       | 4 5 6 7 |  7.6
Armour         | 4 5 6 7 |  7.6
Shields        | 4 5 6 7 |  7.6
Maces & Flails | 3 4 5 6 7 |  7.1

Action                   |  1- 3 |  4- 6 |  7- 9 || total
-------------------------+-------+-------+-------++-------
Melee: Flail             |    68 |   175 |    98 ||   341
       Headbutt          |     6 |    23 |    17 ||    46
  Use: Potion            |       |       |     2 ||     2
Armor: Scale mail        |    45 |    72 |    33 ||   150
Dodge: Dodged            |    37 |    72 |    51 ||   160
Block: Buckler           |    16 |    34 |     6 ||    56
